 Dungeon Crawl Stone Soup version 0.28-a0-239-g68911e0c57 (webtiles) character file.

Game seed: 18321311362943804811

71 djehuti the Covered (level 4, -4/42 HPs)
             Began as a Deep Dwarf Fighter on Aug 23, 2021.
             Killed from afar by Sigmund (5 damage)
             ... with a puff of flame
             ... on level 2 of the Dungeon.
             The game lasted 00:04:40 (1218 turns).

djehuti the Covered (Deep Dwarf Fighter)            Turns: 1218, Time: 00:04:41

Health: -4/42      AC:  7    Str: 23    XL:     4   Next: 5%
Magic:  3/3        EV:  7    Int:  8    God:
Gold:   37         SH:  8    Dex: 12    Spells: 3/3 levels left

rFire   . . .      SeeInvis .   a - +0 war axe
rCold   . . .      Faith    .   c - +0 kite shield
rNeg    . . .      Spirit   .   i - +0 scale mail
rPois   .          Reflect  .   (helmet restricted)
rElec   .          Harm     .   (no cloak)
rCorr   .          Rampage  .   (no gloves)
Will    .....                   (no boots)
Stlth   ..........              (no amulet)
HPRegen 0.00/turn               (no ring)
MPRegen 0.08/turn               (no ring)

@: no status effects
A: damage resistance, heal wounds, sense surroundings 1, no regeneration,
antennae 1, strong 1
a: Heal Wounds


You were on level 2 of the Dungeon.
You visited 1 branch of the dungeon, and saw 2 of its levels.

You collected 37 gold pieces.

Inventory:

Hand Weapons
 a - a +0 war axe (weapon)
 b - a +0 hunting sling
Missiles
 j - 49 stones
Armour
 c - a +0 kite shield (worn)
 e - a +0 helmet
 i - a +0 scale mail (worn)
Scrolls
 h - a scroll of identify {unknown}
Potions
 d - a potion of might


   Skills:
 + Level 3.2 Fighting
 + Level 3.0 Axes
 + Level 3.9 Armour
 + Level 3.9 Shields


You had 3 spell levels left.
You didn't know any spells.
Your spell library was empty.

Dungeon Overview and Level Annotations

Branches:
Dungeon (2/15)

Altars:

Annotations:
D:2 Sigmund


Innate Abilities, Weirdness & Mutations

You are resistant to damage.
You can heal yourself by infusing magical energy.
You passively map a small area around you.
You do not regenerate.
You have a pair of small antennae on your head.
Your muscles are strong. (Str +2)


Message History

There is an open door here.
j - 50 stones (gained 32)
A dart slug comes into view.
The dart slug launches a dart at you.
The slug dart hits you but does no damage.
You start waiting.
A goblin comes into view. It is wielding a +0 dagger.
The goblin shouts!
You slash the dart slug!
You kill the dart slug!
You have reached level 4!
You feel stronger. You block the goblin's attack.
You hit the goblin but do no damage. You block the goblin's attack.
You slash the goblin!
You kill the goblin!
No target in view!
No target in view!
Adjust (i)tems, (s)pells, or (a)bilities?
i - a +0 hunting sling Adjust to which letter? (? for menu, Esc to quit)
b - a +0 hunting sling;
i - a +0 scale mail (worn)
b - a +0 hunting sling (weapon)
Things that are here:
a +0 dagger; a +0 robe A quokka comes into view.
You shoot a stone. The stone hits the quokka.
You kill the quokka!
No target in view!
No target in view!
Sigmund the Dreaded comes into view.
He is wielding a +0 scythe.
Sigmund shouts!
a - a +0 war axe (weapon)
It was a potion of mutation.
You feel extremely strange. A pair of antennae grows on your head!
Your +0 helmet falls away!
You feel stronger. Sigmund barely misses you.
You barely miss Sigmund. Sigmund barely misses you.
You hit Sigmund.
Sigmund is lightly wounded.
Sigmund hits you with a +0 scythe!
You hit Sigmund.
Sigmund is moderately wounded.
Sigmund hits you with a +0 scythe!
You closely miss Sigmund.
Sigmund is moderately wounded.
Sigmund hits you with a +0 scythe.
You hit Sigmund.
Sigmund is moderately wounded.
You block Sigmund's attack.
You hit Sigmund but do no damage.
Sigmund is moderately wounded.
Sigmund closely misses you.
You barely miss Sigmund.
Sigmund is moderately wounded.
Sigmund hits you but does no damage.
You barely miss Sigmund.
Sigmund is moderately wounded.
Sigmund hits you but does no damage.
Your shield prevents you from hitting Sigmund.
Sigmund is moderately wounded.
Sigmund barely misses you.
You barely miss Sigmund.
Sigmund is moderately wounded.
Sigmund hits you with a +0 scythe.
Sigmund mumbles some strange words.
Sigmund flickers and vanishes!
Deactivating autopickup; reactivate with Ctrl-A.
You closely miss something.
You hear some strange, mumbled words.
You are confused.
Something hits you but does no damage. Something hits you.
* * * LOW HITPOINT WARNING * * *
You closely miss something.
You hear some strange, mumbled words.
You are more confused.
Something hits you but does no damage.
You see here 20 stones.
You bump into the rock wall.
Something hits you but does no damage.
You hear some strange, mumbled words.
Something tries to affect you, but you resist.
You're too confused to move!
Something hits you.
* * * LOW HITPOINT WARNING * * *
You are too confused!
It was a potion of magic.
Magic courses through your body. Something hits you!
* * * LOW HITPOINT WARNING * * *
You are too confused!
You are too confused!
Unknown command.
You are too confused!
You slash something!
You feel less confused.
You hear some strange, mumbled words.
A puff of flame appears from out of thin air!
The puff of flame hits you!
You die...

#.. , ,, ,, , * ## #.# ,
* , ..#.# ,, , #####.#.##
*#.#.####### , .........
, ........... , *
#.#.#.#.#######.#.###.###
, ,
.......(........#.###.###
#..<..#.........#.......'
######.{@..##.........###
,,, +.....##†#.#####.# #
*#.....##.#..#....# # ,,
, ##....##.##.#.#..### *
, *#....##.##...#....# ,,
, #....##.###..##)#.# *
*,#.......###.....#.# *
,#######......##.#.#
#...........#


There were no monsters in sight!

Vanquished Creatures
  Robin (D:2)
  A worm (D:2)
  2 dart slugs
  A ball python (D:1)
  4 endoplasms
  2 giant cockroaches (D:1)
  8 hobgoblins
  4 kobolds (D:1)
  4 quokkas
  4 bats
  A frilled lizard (D:2)
  10 goblins
  5 rats
47 creatures vanquished.

Vanquished Creatures (others)
  5 plants (D:1)
5 creatures vanquished.

Grand Total: 52 creatures vanquished

Notes
Turn   | Place    | Note
-------+----------+-------------------------------------------
     0 | D:1      | djehuti the Deep Dwarf Fighter began the quest for the Orb.
     0 | D:1      | Reached XP level 1. HP: 20/20 MP: 1/1
   135 | D:1      | Reached XP level 2. HP: 22/27 MP: 2/2
   613 | D:1      | Reached XP level 3. HP: 15/34 MP: 3/3
   944 | D:2      | Noticed Robin
   980 | D:2      | Killed Robin
  1161 | D:2      | Reached XP level 4. HP: 36/42 MP: 3/3
  1189 | D:2      | Noticed Sigmund
  1194 | D:2      | Gained mutation: You have a pair of small antennae on your
                  | head. [potion of mutation]
  1194 | D:2      | Gained mutation: Your muscles are strong. (Str +2) [potion
                  | of mutation]
  1217 | D:2      | HP: 1/42 [something (8)]
  1218 | D:2      | Killed from afar by Sigmund

Illustrated notes

Levels and vault maps discovered:
D:1:      ebering_trefoil_3fold, layout_basic, serial_bayou_ford_a,
          chequers_serial_rivers_large_a, minivault_11
D:2:      layout_basic, chequers_ecumenical_altar_twisty, uniq_sigmund,
          uniq_robin

Skill      XL: |  1  2  3 |
---------------+----------+-----
Fighting       | 3 |  3.2
Axes           | 3 |  3.0
Armour         | |  3.9
Shields        | |  3.9

Action                   |  1- 3 |  4- 6 || total
-------------------------+-------+-------++-------
Melee: War axe           |   132 |    15 ||   147
 Fire: Hunting sling     |       |     1 ||     1
 Abil: Heal Wounds       |     1 |       ||     1
  Use: Potion            |       |     2 ||     2
Armor: Scale mail        |    63 |     5 ||    68
Dodge: Dodged            |    47 |     4 ||    51
Block: Kite shield       |    62 |     3 ||    65

Table legend: (Time is in decaauts)
 A = Elapsed time spent in this place.
 B = Non-inter-level travel time spent in this place.
 C = Inter-level travel time spent in this place.
 D = Time resting spent in this place.
 E = Time spent auto-exploring this place.
 F = Levels seen in this place.
 G = Mean time per level.
                   A        B        C        D        E       F      G
               +--------+--------+--------+--------+--------+-----+--------+
         Total |   1355 |   1291 |     64 |      7 |    768 |   2 |  677.5 |
       Dungeon |   1355 |   1291 |     64 |      7 |    768 |   2 |  677.5 |
               +--------+--------+--------+--------+--------+-----+--------+

Top non-repeatable levels by time:
     D:1: 881 daAuts
     D:2: 473 daAuts
